Map: [TLMC19] Amphion

Players

ByuN

  • Race: Terran Terran
  • Spawn Location: 11:00

LiquidCure (Cure) - Winner!

  • Race: Terran Terran
  • League: Master
  • Spawn Location: 7:00

VOD

Have the link to the VOD?

Description

Time

  • Played on: Dec. 23, 2023, 9:17 a.m.
  • Length: 9:23
Show
View Real Time Build Order
Export as new Build Order

ByuN Terran 

Build Orders: Command Center First, Cyclone Opening 

Get SALT Encoding   

  12  0:00  SCV  
  13  0:12  SCV  
  14  0:18  Supply Depot  
  14  0:24  SCV  
  15  0:40  SCV  
  16  0:52  SCV  
  17  1:00  Command Center  
  17  1:04  SCV  
  18  1:14  Barracks  
  18  1:17  SCV  
  19  1:22  Refinery  
  19  1:29  SCV  
  19  1:30  Refinery  
  20  1:41  SCV  
  21  1:53  SCV  
  22  2:00  Marine  
  23  2:06  Orbital Command  
  23  2:08  Factory  
  23  2:18  Marine  
  22  2:31  Orbital Command  
  22  2:32  SCV  
  22  2:36  Marine  
  24  2:44  SCV  
  25  2:52  Cyclone  
  28  2:59  Starport  
  28  3:03  SCV  
  28  3:05  SCV  
  29  3:06  Barracks Reactor  
  29  3:15  SCV  
  29  3:19  SCV  
  30  3:24  Cyclone  
  32  3:27  SCV  
  32  3:31  SCV  
  34  3:37  Medivac  
  34  3:38  Refinery  
  34  3:39  SCV  
  34  3:40  Supply Depot  
  37  3:43  SCV  
  38  3:51  Barracks Tech Lab  
  38  4:02  SCV x2  
  40  4:05  Cyclone x2  
  40  4:06  Supply Depot  
  44  4:10  Supply Depot  
  44  4:14  SCV x2  
  46  4:22  Supply Depot  
  46  4:28  Raven, SCV x2  
  50  4:41  Cyclone x2  
  50  4:43  SCV x2  
  56  4:55  SCV x2  
  58  5:00  Command Center  
  54  5:07  SCV  
  54  5:10  Raven  
  54  5:12  SCV  
  54  5:13  Cyclone x2  
  60  5:19  SCV  
  59  5:24  SCV  
  57  5:28  Refinery  
  57  5:29  Factory x2  
  57  5:31  SCV  
  58  5:36  SCV  
  58  5:37  Armory  
  59  5:43  SCV  
  59  5:45  Cyclone x2  
  59  5:48  SCV  
  65  5:54  Raven  
  65  5:56  SCV  
  68  6:00  SCV  
  68  6:01  Supply Depot  
  69  6:08  SCV  
  70  6:12  SCV  
  70  6:14  Factory Tech Lab  
  70  6:15  Factory Reactor  
  70  6:17  Orbital Command, Cyclone x2  
  75  6:19  Refinery  
  75  6:20  SCV  
  75  6:24  Supply Depot, SCV  
  75  6:25  Terran Vehicle Weapons Level 1  
  77  6:26  Engineering Bay  
  77  6:32  SCV  
  78  6:34  Cyclone  
  78  6:36  SCV  
  78  6:37  Starport Reactor  
  78  6:38  Hurricane Engines  
  81  6:44  Supply Depot, SCV x2  
  81  6:45  Supply Depot, Refinery  
  83  6:48  SCV  
  84  6:56  SCV x2  
  84  7:00  SCV, Cyclone x2  
  91  7:06  Cyclone x2  
  91  7:08  SCV x2  
  97  7:10  Supply Depot  
  97  7:11  Supply Depot x2  
  97  7:13  SCV, Cyclone  
  100  7:20  SCV x2  
  102  7:24  Factory  
  102  7:25  SCV, Factory  
  103  7:32  SCV x2  
  105  7:37  SCV, Cyclone  
  108  7:46  SCV x2  
  108  7:47  Command Center  
  108  7:49  SCV, Cyclone  
  108  7:50  Cyclone  
  115  7:58  Sensor Tower  
  115  8:00  Supply Depot  
  115  8:04  Cyclone  
  115  8:05  Cyclone  
  119  8:09  Cyclone, Factory Tech Lab  
  119  8:10  Factory Tech Lab  
  121  8:14  Liberator  
  121  8:17  Liberator  
  127  8:21  Cyclone  
  127  8:22  Supply Depot  
  129  8:28  Cyclone  
  134  8:34  Siege Tank x2  
  137  8:44  Siege Tank  
  137  8:45  Cyclone  
  137  8:47  Cyclone  
Show
View Real Time Build Order
Export as new Build Order

LiquidCure Terran - Winner!

Build Orders: Reaper Expand 

Get SALT Encoding   

  12  0:00  SCV  
  13  0:12  SCV  
  14  0:17  Supply Depot  
  14  0:24  SCV  
  15  0:39  SCV  
  15  0:40  Barracks  
  16  0:44  Refinery  
  16  0:51  SCV  
  17  1:03  SCV  
  18  1:15  SCV  
  19  1:27  Orbital Command, Reaper  
  20  1:43  Command Center  
  20  1:53  SCV  
  21  2:00  Reaper  
  22  2:02  Supply Depot  
  22  2:05  SCV  
  23  2:23  SCV  
  23  2:35  Factory  
  23  2:36  SCV  
  24  2:41  Command Center  
  24  2:43  Barracks Reactor  
  24  2:48  SCV  
  25  2:52  Refinery  
  25  2:58  Orbital Command  
  25  3:01  SCV  
  26  3:13  SCV  
  27  3:21  Starport  
  27  3:24  SCV  
  27  3:25  SCV  
  29  3:31  Barracks Tech Lab, Cyclone  
  29  3:33  Hellion  
  32  3:36  SCV  
  32  3:37  SCV  
  34  3:44  Refinery  
  35  3:48  SCV  
  35  3:50  SCV  
  35  3:54  Orbital Command  
  36  3:56  Cyclone  
  36  4:00  SCV  
  36  4:02  SCV  
  40  4:05  Viking  
  42  4:10  Cyclone  
  42  4:13  SCV  
  42  4:14  SCV  
  42  4:15  Interference Matrix  
  46  4:20  SCV  
  46  4:21  Supply Depot  
  47  4:25  SCV  
  47  4:26  SCV  
  47  4:30  Cyclone  
  51  4:32  SCV  
  49  4:39  SCV x2  
  49  4:44  SCV  
  49  4:45  Cyclone  
  54  4:46  Raven  
  54  4:51  SCV  
  58  4:52  SCV  
  58  4:54  Barracks Tech Lab  
  58  4:56  SCV  
  59  5:00  Refinery  
  56  5:07  SCV x2  
  56  5:09  SCV, Cyclone  
  56  5:13  Barracks  
  61  5:16  Marine, Barracks  
  61  5:17  Cyclone  
  58  5:25  Raven  
  58  5:26  SCV x3  
  63  5:33  Marine  
  63  5:38  SCV x3  
  66  5:43  Engineering Bay  
  66  5:45  Engineering Bay  
  66  5:47  Stimpack  
  66  5:50  SCV x2  
  66  5:53  Supply Depot  
  68  5:57  Barracks  
  68  6:04  Barracks, Barracks Reactor  
  68  6:05  Marine  
  68  6:07  Starport Reactor  
  68  6:09  Orbital Command  
  68  6:11  Supply Depot  
  69  6:12  Terran Infantry Weapons Level 1  
  69  6:15  Siege Tank, SCV x2  
  69  6:16  Missile Turret  
  69  6:17  Marine  
  75  6:20  Marine  
  75  6:23  Marine  
  77  6:28  Supply Depot  
  77  6:32  SCV x2  
  79  6:36  SCV  
  79  6:37  Supply Depot, Marine  
  79  6:38  Marine  
  82  6:40  Supply Depot, Marine  
  82  6:42  Marine x2  
  82  6:45  Barracks Reactor  
  82  6:46  Terran Infantry Armor Level 1  
  85  6:48  Supply Depot  
  85  6:49  SCV x3  
  87  6:59  Barracks Reactor  
  83  7:01  SCV x3  
  83  7:05  Marine x2  
  83  7:06  Siege Tank, Marine x3, Medivac  
  96  7:10  Medivac  
  96  7:13  SCV x3  
  101  7:22  Marine x2  
  103  7:25  SCV x2  
  103  7:26  Combat Shield  
  103  7:27  Supply Depot x2  
  105  7:30  Marine x5  
  105  7:33  SCV  
  105  7:35  Marine x2  
  113  7:38  SCV x2  
  113  7:39  Supply Depot  
  115  7:44  Marine x2  
  115  7:45  Supply Depot  
  115  7:48  Siege Tank, Marine x4  
  124  7:55  Marine x2  
  124  7:57  Marine  
  127  7:58  Supply Depot  
  127  7:59  Armory  
  127  8:02  Marine x2  
  128  8:06  Marine x3  
  128  8:07  Marine  
  128  8:08  Supply Depot  
  128  8:10  Refinery  
  128  8:11  SCV, Refinery  
  128  8:12  SCV x2, Marine x2  
  135  8:16  Marine  
  138  8:20  Siege Tank, Marine x2  
  138  8:24  Marine x4  
  147  8:27  Medivac  
  147  8:30  Marine x2  
  147  8:31  Supply Depot  
  147  8:33  Supply Depot, Marine  
  152  8:38  Marine x2  
  154  8:41  Marine  
  154  8:42  Marine x2  
  154  8:44  Marine  
  156  8:48  Marine x2  
  156  8:51  Marine  
  162  8:56  Marine x2  
  162  9:01  Marine x3  
  162  9:02  Marine  
Tags
 
Add a new tag
Caveats
  • Supply blocks, unpowered buildings, or Contaminate may cause inaccurate times.
  • Supply counts are checked every 10 seconds.